 Dungeon Crawl Stone Soup version 0.26.0-20-g3ca415f5b8 (webtiles) character file.

Game seed: 17414121486976834678

49 hatsuma the Magician (level 3, 0/19 HPs)
             Began as a Deep Elf Hedge Wizard on Jan 24, 2021.
             Slain by an orc
             ... wielding a +0 hand axe
              (6 damage)
             ... on level 3 of the Dungeon.
             The game lasted 00:07:43 (1599 turns).

hatsuma the Magician (Deep Elf Hedge Wizard)        Turns: 1599, Time: 00:07:44

Health: 0/19       AC:  2    Str:  7    XL:     3   Next: 51%
Magic:  5/10       EV: 13    Int: 19    God:
Gold:   67         SH:  0    Dex: 14    Spells: 0/10 levels left

rFire    . . .     SeeInvis .   a - +0 dagger
rCold    . . .     Faith    .   (no shield)
rNeg     . . .     Spirit   .   j - +0 robe
rPois    .         Reflect  .   c - +0 hat
rElec    .         Harm     .   (no cloak)
rCorr    .         Rampage  .   (no gloves)
Will     .....                  (no boots)
Stlth    ++........             (no amulet)
HPRegen  0.06/turn              (no ring)
MPRegen  0.12/turn              (no ring)

@: no status effects
A: no striking features
a: no special abilities


You were on level 3 of the Dungeon.
You visited 1 branch of the dungeon, and saw 3 of its levels.

You collected 67 gold pieces.

Inventory:

Hand Weapons
 a - a +0 dagger (weapon)
Missiles
 i - 19 arrows
Armour
 c - a +0 hat (worn)
 j - a +0 robe (worn)
Scrolls
 b - a scroll of identify {unknown}
 g - a scroll of enchant weapon {unknown}
 h - a scroll of blinking {unknown}
 l - a scroll of remove curse {unknown}
Potions
 d - 3 potions of haste {unknown}
 f - a potion of degeneration {unknown}
 k - a potion of curing {unknown}
 m - a potion of might {unknown}


   Skills:
 - Level 2.4 Dodging
 - Level 2.4 Stealth
 - Level 4.4 Spellcasting
 - Level 2.5 Conjurations
 - Level 2.1 Hexes
 - Level 2.2 Summonings
 + Level 1.1 Translocations


You couldn't memorise any spells.
You knew the following spells:

 Your Spells              Type           Power        Failure   Level
a - Magic Dart            Conj           52%          4%          1
b - Call Imp              Summ           12%          8%          2
c - Blink                 Tloc           N/A          12%         2
d - Slow                  Hex            12%          9%          2
e - Mephitic Cloud        Conj/Pois/Air  7%           28%         3

Your spell library contained the following spells:

 Spells                   Type           Power        Failure   Level
 Conjure Flame            Conj/Fire      8%           24%         3


Dungeon Overview and Level Annotations

Branches:
Dungeon (2/15)

Altars:
Qazlal


Message History

Found a stone staircase leading up.
The orc hits you.
Found a hand axe.
There is an open door, spattered with blood here.
You hit the orc.
The orc is heavily wounded.
The frilled lizard bites you but does no damage.
The adder closely misses you. The orc hits you but does no damage.
The orc closely misses you.
You hit the orc.
The orc is heavily wounded.
The adder completely misses you. The frilled lizard closely misses you.
The orc barely misses you. The orc hits you.
You hit the orc.
The orc is almost dead.
The adder misses you.
A bat comes into view.
The frilled lizard barely misses you. The adder closely misses you.
The orc hits you with a +0 hand axe.
You die...

##... .... ## ... ... .
#.# ..#.# ###.#+####.#.#
..(.......... #####.. #
........##.####go..o b..
..............oo###.....
..............rl@o<....)
...............S#####.#.
................#
........#########
.!......# ........#
[...##### ....#


You could see an adder, 3 orcs, a goblin, a bat, a frilled lizard and a rat.

Vanquished Creatures
  A gnoll (D:1)
  2 adders (D:2)
  A dart slug (D:1)
  2 leopard geckos (D:1)
  A giant cockroach (D:1)
  3 goblins
  2 hobgoblins
  3 bats (D:1)
  2 frilled lizards
  2 kobolds
19 creatures vanquished.

Vanquished Creatures (collateral kills)
  A giant cockroach (D:2)
  A kobold (D:2)
2 creatures vanquished.

Vanquished Creatures (others)
  A plant (D:1)
1 creature vanquished.

Grand Total: 22 creatures vanquished

Notes
Turn   | Place    | Note
-------+----------+-------------------------------------------
     0 | D:1      | hatsuma the Deep Elf Hedge Wizard began the quest for the
                  | Orb.
     0 | D:1      | Reached XP level 1. HP: 10/10 MP: 7/7
    53 | D:1      | Reached XP level 2. HP: 12/15 MP: 0/9
    56 | D:1      | Learned a level 2 spell: Blink
    59 | D:1      | Learned a level 2 spell: Call Imp
    63 | D:1      | Learned a level 2 spell: Slow
   213 | D:1      | Reached skill level 1 in Hexes
  1024 | D:2      | Reached XP level 3. HP: 11/19 MP: 0/10
  1197 | D:1      | Learned a level 3 spell: Mephitic Cloud
  1549 | D:2      | You fall into a shaft and drop 1 floor!
  1562 | D:3      | Found a stormy altar of Qazlal.
  1599 | D:3      | Slain by an orc

Illustrated notes

Levels and vault maps discovered:
D:1:      nzn_arrival_depleted_hourglass, layout_loops_ring,
          minmay_statues_item, serial_bayou_lake_a
D:2:      layout_loops_ring, uniq_natasha
D:3:      layout_basic, nzn_hepliaklqana_mist_gate,
          nicolae_overflow_hidden_temple, minmay_goblin_outpost

Skill      XL: |  1  2  3 |
---------------+----------+-----
Conjurations   | 2 |  2.5
Hexes          | 2 |  2.1
Summonings     | 2 |  2.2
Dodging        | |  2.4
Stealth        | |  2.4
Spellcasting   | |  4.4
Translocations | |  1.1

Action                   || total
-------------------------++-------
Melee: Dagger            ||    23
 Cast: Magic Dart        ||    52
       Call Imp          ||     6
       Slow              ||     6
  Use: Scroll            ||     2
Armor: Robe              ||    10
Dodge: Dodged            ||    39
